 Dungeon Crawl Stone Soup version 0.30-b1-2-g02819fbbbe (webtiles) character file.

Game seed: 14816131345431221597

78274 Mesmaeker13 the Tortoise (level 15, -1/115 HPs)
             Began as a Barachi Hunter on Sept 17, 2023.
             Was a High Priest of Fedhas.
             Slain by a fire elemental (10 damage)
             ... led by Azrael
             ... on level 14 of the Dungeon.
             The game lasted 00:56:11 (22662 turns).

Mesmaeker13 the Tortoise (Barachi Hunter)          Turns: 22662, Time: 00:56:12

Health: -1/115     AC: 24    Str: 12    XL:     15   Next: 59%
Magic:  0/22       EV: 13    Int: 10    God:    Fedhas [*****.]
Gold:   1587       SH:  0    Dex: 24    Spells: 14/14 levels left

rFire   . . .        y - -2 executioner's axe (flame)
rCold   + + .        (shield currently unavailable)
rNeg    . . .        p - +5 scale mail "Gotatiw" {*Corrode Regen+ Int-2 Slay+5}
rPois   .            S - +2 hat "Suhaomam" {Dex+3}
rElec   +            P - +2 cloak {rCorr}
rCorr   +            J - +2 pair of gloves "Qaenerr" {rElec Will+}
SInv    +            (no boots)
Will    ++...        T - amulet of guardian spirit
Stlth   +            I - +4 ring of protection
HPRegen 1.19/turn    M - ring of protection from cold
MPRegen 0.18/turn

%: corrode self (3%), guardian spirit
@: corroded, studying 2 skills, slow
A: amphibious, slowness 1, strong legs 2, +LOS, antennae 1, see invisible, cold
resistance 1
a: Hop, Renounce Religion, Wall of Briars, Grow Ballistomycete, Overgrow, Grow
Oklob


You were on level 14 of the Dungeon.
You worshipped Fedhas.
Fedhas was extremely pleased with you.
You visited 4 branches of the dungeon, and saw 22 of its levels.
You also visited: Gauntlet and Ice Cave.

You collected 2332 gold pieces.
You spent 745 gold pieces at shops.

Inventory:

Hand Weapons
 a - a +3 arbalest of flaming
 y - a -2 executioner's axe of flaming (weapon)
 B - a +2 arbalest of freezing
Missiles
 d - 2 throwing nets
 z - 6 javelins
 H - 7 curare-tipped darts
Armour
 e - a +0 crystal plate armour of cold resistance
 p - the +5 scale mail "Gotatiw" (worn) {*Corrode Regen+ Int-2 Slay+5}
   (You took it off a minotaur in a Gauntlet)

   Int:       It affects your intelligence (-2).
   Slay:      It affects your accuracy & damage with ranged weapons and melee
   (+5).
   Regen:     It increases your rate of health regeneration.
   *Corrode:  It may corrode you when you take damage.
 J - the +2 pair of gloves "Qaenerr" (worn) {rElec Will+}
   (You found it in a Gauntlet)

   rElec:     It insulates you from electricity.
   Will:      It increases your willpower.
 P - a +2 cloak of preservation (worn)
 R - the +2 pair of gloves of Munoqak {Rampage rF++ Str+4 Stlth+}
   (You found it in a Gauntlet)

   Str:       It affects your strength (+4).
   rF:        It greatly protects you from fire.
   Rampage:   It bestows one free step when moving towards enemies.
   Stlth:     It makes you more stealthy.
 S - the +2 hat "Suhaomam" (worn) {Dex+3}
   (You acquired it on level 1 of the Orcish Mines)

   Dex:       It affects your dexterity (+3).
Jewellery
 g - the ring "Dechomui" {rPois rN+ MP+9 Int+3}
   (You found it on level 2 of the Dungeon)

   [ring of poison resistance]

   Int:       It affects your intelligence (+3).
   rPois:     It protects you from poison.
   rN:        It protects you from negative energy.
   MP:        It affects your magic capacity (+9).
 i - a ring of ice
 n - an amulet of regeneration
 q - a ring of willpower
 r - a +6 ring of dexterity
 x - a ring of see invisible
 I - a +4 ring of protection (left hand)
 L - an amulet of the acrobat
 M - a ring of protection from cold (right hand)
 T - an amulet of guardian spirit (around neck)
Wands
 b - a wand of digging (3)
 f - a wand of flame (42)
 C - a wand of roots (19)
 N - a wand of mindburst (2)
Scrolls
 h - 2 scrolls of poison
 j - 8 scrolls of fog
 k - 8 scrolls of teleportation
 u - 2 scrolls of fear
 v - a scroll of blinking
 D - a scroll of amnesia
 G - a scroll of silence
 K - a scroll of enchant armour
 V - a scroll of identify
Potions
 c - 3 potions of lignification
 l - 4 potions of curing
 m - 7 potions of might
 o - 5 potions of flight
 s - a potion of resistance
 t - 2 potions of brilliance
 w - 2 potions of ambrosia
 A - a potion of mutation
 E - a potion of berserk rage
 F - 5 potions of heal wounds
 Q - 2 potions of haste
 U - 2 potions of invisibility


   Skills:
 - Level 10.1 Fighting
 + Level 11.5 Axes
 + Level 14.5 Ranged Weapons
 + Level 15.6 Armour
 - Level 5.3 Dodging
 - Level 0.8 Stealth
 + Level 10.6 Invocations
 - Level 9.0 Evocations


You had 14 spell levels left.
You didn't know any spells.
Your spell library contained the following spells:

 Spells                   Type           Power      Damage    Failure   Level
 Beastly Appendage        Tmut           0%         N/A       75%         1
 Necrotise                Necr           0%         1d4       75%         1
 Sandblast                Erth           0%         2d4       75%         1
 Sting                    Tmut/Pois      0%         1d3       75%         1
 Summon Small Mammal      Summ           0%         N/A       75%         1
 Lesser Beckoning         Tloc           0%         N/A       87%         2
 Passwall                 Tmut/Erth      0%         N/A       87%         2
 Poisonous Vapours        Pois/Air       0%         N/A       87%         2
 Sublimation of Blood     Necr           0%         N/A       87%         2
 Wereblood                Tmut           0%         N/A       87%         2
 Call Canine Familiar     Summ           0%         N/A       98%         3
 Dazzling Flash           Conj/Hex       0%         N/A       98%         3
 Gell's Gravitas          Tloc           0%         N/A       98%         3
 Ignite Poison            Fire/Tmut/Pois 0%         N/A       98%         3
 Portal Projectile        Hex/Tloc       0%         N/A       98%         3
 Stone Arrow              Conj/Erth      0%         3d7       98%         3
 Summon Guardian Golem    Hex/Summ       0%         N/A       98%         3
 Teleport Other           Tloc           0%         N/A       98%         3
 Tukima's Dance           Hex            0%         N/A       98%         3
 Vampiric Draining        Necr           0%         2d6       98%         3
 Volatile Blastmotes      Fire/Tloc      0%         2d10      98%         3
 Anguish                  Hex/Necr       0%         N/A       100%        4
 Animate Dead             Necr           0%         N/A       100%        4
 Iskenderun's Mystic Bla  Conj/Tloc      0%         2d3       100%        4
 Olgreb's Toxic Radiance  Pois           0%         N/A       100%        4
 Agony                    Necr           0%         N/A       100%        5
 Alistair's Intoxication  Tmut/Pois      0%         N/A       100%        5
 Blade Hands              Tmut           0%         N/A       100%        5
 Borgnjor's Vile Clutch   Necr/Erth      0%         N/A       100%        5
 Dispersal                Tloc           0%         N/A       100%        6
 Eringya's Noxious Bog    Tmut/Pois      0%         N/A       100%        6
 Iron Shot                Conj/Erth      0%         9d1       100%        6
 Starburst                Conj/Fire      0%         6d3       100%        6
 Enfeeble                 Hex            0%         N/A       100%        7
 Haunt                    Necr/Summ      0%         N/A       100%        7
 Summon Hydra             Summ           0%         N/A       100%        7
 Infestation              Necr           0%         N/A       100%        8


Dungeon Overview and Level Annotations

Branches:
Dungeon (14/15)            Temple (1/1) D:7            Lair (5/5) D:9
 Shoals (0/4) Lair:3       Spider (0/4) Lair:2        Slime (0/5) Lair:4
    Orc (2/2) D:12            Elf (0/3) Orc:2        Vaults (0/5) D:13
  IceCv (visited)         Gauntlet (visited)

Altars:
Ashenzari
Cheibriados
Dithmenos
Elyvilon
Fedhas
Gozag
Hepliaklqana
Kikubaaqudgha
Makhleb
Nemelex Xobeh
Okawaru
Qazlal
Ru
Sif Muna
Trog
Uskayaw
Vehumet
Wu Jian
Xom
Yredelemnul
Zin
The Shining One
Jiyva

Shops:
D:8 (   D:14 ?   Orc:1 :!?(   Orc:2 ![[*

Portals:
Trove: D:10 (give 4 scrolls of fear)

Annotations:
D:3 exclusion: statue
D:9 1 exclusion
D:12 2 transporters, Galthrax's ghost, journeyman DECj
Lair:5 exclusion: obsidian statue


Innate Abilities, Weirdness & Mutations

You are amphibious.
You cover ground slowly.
You can hop long distances.
You have an extended range of vision and can be seen from far away.
You have a pair of small antennae on your head.
You have supernaturally acute eyesight. (SInv)
Your flesh is cold resistant. (rC+)


Message History

Press: ? - help, Q - select action, (/) - cycle Shift-Dir - straight line, f - fire elemental
Aim: a fire elemental (almost destroyed, 72% to hit)
You shoot a bolt. The bolt hits the fire elemental.
You destroy the fire elemental!
Fedhas accepts your kill. The fire elemental hits you.
The fire elemental burns you! The hell hound barely misses you.
The fire elemental hits you. The fire elemental burns you!
The fire elemental hits you. The fire elemental burns you!
* * * LOW HITPOINT WARNING * * *
The fire elemental closely misses you. The hell hound bites you.
* * * LOW HITPOINT WARNING * * *
Your corrosive artefact corrodes you!
Your +3 arbalest of flaming stops flaming.
Your -2 executioner's axe of flaming bursts into flame!
y - a -2 executioner's axe of flaming (weapon)
The fire elemental hits you. The fire elemental burns you!
* * * LOW HITPOINT WARNING * * *
You hit the fire elemental.
The fire elemental is severely damaged.
You barely miss the hell hound. You hit the fire elemental.
The hell hound barely misses you. The fire elemental hits you.
The fire elemental burns you!
* * * LOW HITPOINT WARNING * * *
The fire elemental hits you.
The hell hound bites you but does no damage.
The fire elemental hits you. The fire elemental burns you!
* * * LOW HITPOINT WARNING * * *
You barely miss the fire elemental.
The fire elemental is severely damaged.
You barely miss the fire elemental. You barely miss the hell hound.
The hell hound closely misses you. The fire elemental hits you.
The fire elemental burns you!
* * * LOW HITPOINT WARNING * * *
The fire elemental misses you.
The hell hound bites you but does no damage.
The fire elemental barely misses you. The fire elemental hits you.
The fire elemental burns you!
You die...
Fedhas appreciates your contribution to the ecosystem.

#. #...# #.###...#
#.......+ #.......#
.......##+##
#######.........
#.....#.......#
#.....+.#°EEh.#
#.....#.#..@..##...
#.....#.#...........
#.....#.#...........
###'##.............
#...........##+####
#..######...#
#...........#
#...........#
#...........#


You could see 2 fire elementals and a hell hound.

Vanquished Creatures
  A reaper (IceCv)
  4 dire elephants (Lair:5)
  Nessos (D:13)
  Azrael (D:14)
  A minotaur (Gauntlet)
  Fannar (D:10)
  6 hydras
  A boulder beetle (D:11)
  2 dancing weapons (D:13)
  3 two-headed ogres
  2 centaur warriors (D:13)
  3 orc high priests
  A wretched star (Gauntlet)
  A spectral death yak (Lair:5)
  3 skeletal warriors (D:13)
  A spectral anaconda (Lair:5)
  6 orc knights (Orc:2)
  A deep elf pyromancer (D:14)
  Pikel (D:9)
  5 orc sorcerers
  3 necromancers (Lair:5)
  11 ugly things
  3 cyclopes
  Joseph (D:8)
  5 elephants (Lair:5)
  An ice statue (IceCv)
  A torpor snail (Gauntlet)
  5 black mambas
  13 cane toads
  Maggie (D:7)
  5 rime drakes
  An anaconda simulacrum (IceCv)
  A dire elephant skeleton (Lair:5)
  An unseen horror (D:12)
  A freezing wraith (IceCv)
  A kobold demonologist (D:14)
  6 komodo dragons
  An ice devil (IceCv)
  7 trolls
  3 polar bears (Lair:5)
  2 hornets
  7 dream sheep (Lair:5)
  20 blink frogs
  6 culicivoras (Lair:2)
  8 slime creatures (D:13)
  A shadow (D:13)
  2 vampires
  2 wraiths
  2 fire elementals (D:14)
  51 yaks
  4 wyverns
  9 basilisks
  4 death yak simulacra
  3 steam dragons
  3 vampire mosquitoes (D:12)
  4 wargs
  Menkaure (D:4)
  A neqoxec (Gauntlet)
  4 spectral cane toads (Lair:5)
  An acid dragon (D:13)
  18 water moccasins
  A hell hound (D:14)
  20 orc warriors
  2 elephant zombies (Lair:5)
  6 black bears
  3 sky beasts
  2 ice beasts (D:6)
  7 ogres
  An elephant skeleton (Lair:5)
  3 wolves (Lair:1)
  13 centaurs
  A phantom (D:6)
  3 kobold brigands
  9 bullfrogs
  A gnoll sergeant (D:7)
  8 scorpions
  2 cane toad simulacra (Lair:5)
  4 two-headed ogre simulacra (IceCv)
  3 wights (D:9)
  4 killer bees
  6 elephant simulacra
  4 electric eels
  6 howler monkeys
  4 crimson imps (D:10)
  3 jellies
  7 orc priests
  5 hounds
  An iron imp (D:6)
  A sleepcap (D:5)
  Terence (D:2)
  5 orc wizards
  3 spriggan simulacra (IceCv)
  4 troll simulacra (IceCv)
  2 polar bear simulacra (IceCv)
  3 wolf simulacra (IceCv)
  16 gnolls
  9 adders
  4 naga simulacra (IceCv)
  A shadow imp (D:6)
  7 white imps (IceCv)
  7 ufetubi (IceCv)
  3 worms
  4 dart slugs
  52 orcs
  4 endoplasms
  6 giant cockroaches
  15 goblins
  7 hobgoblins
  3 jackals (D:1)
  19 kobolds
  4 quokkas
  10 ball pythons
  11 bats
  4 frilled lizards
  8 rats
611 creatures vanquished.

Vanquished Creatures (collateral kills)
  A komodo dragon (Lair:3)
  A wyvern (Lair:4)
  2 orc wizards (Orc:2)
  11 ballistomycete spores
15 creatures vanquished.

Vanquished Creatures (others)
  An orc priest (Orc:2)
  2 orcs (Orc:1)
  3 ballistomycete spores
  8 demonic plants (Gauntlet)
  45 fungi
  83 plants
  22 withered plants (Lair:5)
164 creatures vanquished.

Grand Total: 790 creatures vanquished

Notes
Turn   | Place    | Note
-------+----------+-------------------------------------------
     0 | D:1      | Mesmaeker13 the Barachi Hunter began the quest for the Orb.
     0 | D:1      | Reached XP level 1. HP: 17/17 MP: 1/1
    48 | D:1      | Reached XP level 2. HP: 18/23 MP: 2/2
   370 | D:1      | Reached XP level 3. HP: 28/29 MP: 3/3
   889 | D:2      | Noticed Terence
   975 | D:2      | Killed Terence
   976 | D:2      | Reached XP level 4. HP: 28/36 MP: 4/4
  1015 | D:3      | Gained mutation: Your flesh is cold resistant. (rC+)
                  | [potion of mutation]
  1015 | D:3      | Gained mutation: You have supernaturally acute eyesight.
                  | (SInv) [potion of mutation]
  1015 | D:3      | Gained mutation: You have a pair of small antennae on your
                  | head. [potion of mutation]
  1238 | D:2      | Reached XP level 5. HP: 42/42 MP: 5/5
  1364 | D:2      | Found a shimmering blue altar of Sif Muna.
  1366 | D:2      | Identified the ring "Dechomui" {rPois rN+ MP+9 Int+3}
  2146 | D:3      | Found an opulent altar of Gozag.
  2179 | D:3      | Reached skill level 5 in Ranged Weapons
  2282 | D:3      | Noticed a black bear
  2290 | D:3      | Killed a black bear
  2291 | D:3      | Reached XP level 6. HP: 22/50 MP: 6/6
  2323 | D:3      | Found a radiant altar of Vehumet.
  2518 | D:4      | Reached skill level 5 in Fighting
  2646 | D:4      | Reached XP level 7. HP: 30/56 MP: 7/7
  2926 | D:4      | Reached skill level 5 in Dodging
  3156 | D:4      | Noticed Menkaure
  3168 | D:4      | Killed Menkaure
  3381 | D:5      | Entered Level 5 of the Dungeon
  3454 | D:5      | Reached skill level 1 in Armour
  3560 | D:5      | Reached skill level 2 in Armour
  3560 | D:5      | Reached XP level 8. HP: 30/65 MP: 8/8
  3788 | D:5      | Reached skill level 3 in Armour
  4400 | D:6      | Reached skill level 4 in Armour
  4723 | D:6      | Reached skill level 5 in Armour
  5088 | D:6      | Reached XP level 9. HP: 74/74 MP: 9/9
  5329 | D:6      | Found a snail-covered altar of Cheibriados.
  5418 | D:6      | Identified the +8 kite shield "Zorump" {Harm Int+3}
  5810 | D:7      | Reached skill level 6 in Armour
  6102 | D:7      | Found a staircase to the Ecumenical Temple.
  6466 | D:7      | Noticed Maggie
  6473 | D:7      | Killed Maggie
  6474 | D:7      | Reached skill level 7 in Armour
  6798 | Temple   | Entered the Ecumenical Temple
  6807 | Temple   | Became a worshipper of Fedhas Madash
  6935 | D:8      | Noticed Joseph
  6941 | D:8      | Killed Joseph
  6942 | D:8      | Reached skill level 10 in Fighting
  6942 | D:8      | Reached skill level 8 in Armour
  6942 | D:8      | Reached XP level 10. HP: 80/85 MP: 10/10
  7188 | D:8      | Reached skill level 1 in Evocations
  7217 | D:8      | Reached skill level 1 in Invocations
  7244 | D:8      | Found Foypsargh's Weapon Shop.
  7284 | D:8      | Reached * piety under Fedhas
  7456 | D:8      | Found a faded altar of an unknown god.
  7457 | D:8      | Found a faded altar of an unknown god.
  7457 | D:8      | Found a hazy altar of Hepliaklqana.
  7807 | D:9      | Reached skill level 9 in Armour
  7818 | D:9      | Noticed Pikel
  7832 | D:9      | Killed Pikel
  7951 | D:9      | Noticed a two-headed ogre
  7980 | D:9      | Reached skill level 10 in Ranged Weapons
  8105 | D:9      | Found a staircase to the Lair.
  8134 | D:9      | Reached XP level 11. HP: 82/90 MP: 13/13
  8143 | D:9      | Killed a two-headed ogre
  8265 | D:9      | Reached ** piety under Fedhas
  8300 | D:9      | Reached skill level 5 in Evocations
  8374 | D:9      | Found a sparkling altar of Nemelex Xobeh.
  8568 | D:10     | Entered Level 10 of the Dungeon
  8579 | D:10     | Noticed Fannar
  8655 | D:10     | Found a stormy altar of Qazlal.
  8796 | D:10     | Found a portal to a secret trove of treasure.
  8953 | D:10     | Killed Fannar
  8954 | D:10     | Reached skill level 1 in Axes
  8954 | D:10     | Reached skill level 10 in Armour
  9081 | D:10     | Reached *** piety under Fedhas
  9143 | D:10     | Found a shimmering altar of Xom.
  9437 | Lair:1   | Entered Level 1 of the Lair of Beasts
  9466 | Lair:1   | Reached skill level 5 in Invocations
  9864 | Lair:1   | Reached XP level 12. HP: 97/97 MP: 16/16
 10363 | Lair:2   | Reached skill level 11 in Armour
 10667 | Lair:2   | Reached skill level 5 in Axes
 10933 | Lair:2   | Reached **** piety under Fedhas
 11021 | Lair:2   | Noticed an eight-headed hydra
 11030 | Lair:2   | Killed an eight-headed hydra
 11085 | Lair:2   | Found a hole to the Spider Nest.
 11188 | Lair:2   | Noticed a four-headed hydra
 11193 | Lair:2   | Killed a four-headed hydra
 11362 | Lair:3   | Noticed a seven-headed hydra
 11365 | Lair:3   | Killed a seven-headed hydra
 11716 | Lair:3   | Noticed a four-headed hydra
 11723 | Lair:3   | Killed a four-headed hydra
 11733 | Lair:3   | Reached skill level 12 in Armour
 11755 | Lair:3   | Gained mutation: You can hop long distances. [Barachi
                  | growth]
 11755 | Lair:3   | Reached XP level 13. HP: 103/103 MP: 18/18
 11824 | Lair:3   | Found a staircase to the Shoals.
 11920 | Lair:3   | Found a glowing golden altar of the Shining One.
 12532 | Lair:4   | Found a viscous altar of Jiyva.
 12533 | Lair:4   | Found a staircase to the Slime Pits.
 13010 | Lair:5   | Entered Level 5 of the Lair of Beasts
 13069 | Lair:5   | Identified the +4 sling of Watchfulness {freeze, *Corrode
                  | Int+9}
 13344 | Lair:4   | Reached ***** piety under Fedhas
 13794 | Lair:5   | Noticed a dire elephant
 13794 | Lair:5   | Noticed a dire elephant
 13794 | Lair:5   | Noticed a dire elephant
 13907 | Lair:5   | Noticed a dire elephant
 14226 | Lair:5   | Reached skill level 13 in Armour
 14724 | D:11     | Found a gate leading to a gauntlet.
 14834 | Gauntlet | Entered a Gauntlet
 14834 | Gauntlet | Found a transporter.
 14837 | Gauntlet | Noticed a great orb of eyes
 14842 | Gauntlet | Found a transporter.
 14858 | Gauntlet | Found a transporter.
 14862 | Gauntlet | Found a transporter.
 14872 | Gauntlet | Found a transporter.
 14893 | Gauntlet | Noticed a green death
 14896 | Gauntlet | Found a transporter.
 14900 | Gauntlet | Found a transporter.
 14904 | Gauntlet | Found a transporter.
 14918 | Gauntlet | Identified the +5 scale mail "Gotatiw" {*Corrode Regen+
                  | Int-2 Slay+5}
 14918 | Gauntlet | Noticed a minotaur
 14925 | Gauntlet | Found a transporter.
 14945 | Gauntlet | Found a transporter.
 14949 | Gauntlet | Found a transporter.
 14957 | Gauntlet | Found a transporter.
 15034 | Gauntlet | Identified the +2 pair of gloves "Qaenerr" {rElec Will+}
 15091 | Gauntlet | Identified the ring "Seajayc" {rPois rF- Int+6 Dex+2
                  | Slay+2}
 15217 | Gauntlet | Killed a minotaur
 15218 | Gauntlet | Reached XP level 14. HP: 39/110 MP: 20/20
 15267 | Gauntlet | Identified the +2 pair of gloves of Munoqak {Rampage rF++
                  | Str+4 Stlth+}
 15267 | Gauntlet | Identified the +8 mace "Reshol" {freeze, Dex+3}
 15268 | Gauntlet | Got Ydupt's Omnibus of Shifting Spelunking
 15418 | D:11     | You fall into a shaft and drop 1 floor!
 15554 | D:12     | Noticed Galthrax's ghost (journeyman DECj)
 15555 | D:12     | Found a transporter.
 15580 | D:12     | Found a transporter.
 15874 | D:12     | Found a staircase to the Orcish Mines.
 16748 | Orc:1    | Entered Level 1 of the Orcish Mines
 16748 | Orc:1    | Found Zonlut's Book Emporium.
 16989 | Orc:1    | You fall into a shaft and drop 1 floor!
 16989 | Orc:2    | Entered Level 2 of the Orcish Mines
 17157 | Orc:2    | Found a frozen archway.
 17171 | IceCv    | Entered an ice cave
 17408 | IceCv    | Reached ****** piety under Fedhas
 17642 | IceCv    | Noticed a reaper
 17653 | IceCv    | Killed a reaper
 17967 | Orc:2    | Reached skill level 14 in Armour
 18035 | Orc:2    | Found a staircase to the Elven Halls.
 18045 | Orc:1    | Found Polui's Distillery.
 18045 | Orc:1    | Found Joruavya's Magic Scroll Boutique.
 18045 | Orc:1    | Found Jibemesh's Antique Weapon Emporium.
 18051 | Orc:1    | Paralysed by an orc sorcerer for 2 turns
 18056 | Orc:1    | HP: 4/109 [orc warrior/+0 glaive (12)]
 18704 | Orc:1    | Paralysed by an orc sorcerer for 4 turns
 18931 | Orc:2    | Reached skill level 10 in Axes
 19094 | Orc:2    | Found Rissuheb's Distillery.
 19094 | Orc:2    | Found Vufoloy's Antique Armour Shoppe.
 19102 | Orc:2    | Found Deutocor's Armour Shop.
 19102 | Orc:2    | Found Jius's General Store.
 19109 | Orc:2    | Bought a potion of heal wounds for 75 gold pieces
 19117 | Orc:2    | Bought a +2 cloak of preservation for 258 gold pieces
 19295 | Orc:1    | Bought a scroll of identify for 32 gold pieces
 19295 | Orc:1    | Bought a scroll of fear for 64 gold pieces
 19295 | Orc:1    | Bought a scroll of fear for 64 gold pieces
 19296 | Orc:1    | Identified a scroll of acquirement
 19297 | Orc:1    | Acquired the +2 hat "Suhaomam" {Dex+3}
 19313 | Orc:1    | Bought a potion of invisibility for 112 gold pieces
 19313 | Orc:1    | Bought a potion of haste for 140 gold pieces
 19689 | Lair:5   | Killed a dire elephant
 19740 | Lair:5   | Killed a dire elephant
 20481 | Lair:5   | Reached XP level 15. HP: 105/113 MP: 19/22
 20830 | Lair:5   | Reached skill level 10 in Invocations
 20843 | Lair:5   | Reached skill level 15 in Armour
 20878 | Lair:5   | Identified the +5 sling "Poguant" {speed, Will+ Stlth+}
 21325 | D:13     | Found a gate to the Vaults.
 21386 | D:13     | Noticed Nessos
 21391 | D:13     | Killed Nessos
 22326 | D:14     | Found Logober's Magic Scroll Boutique.
 22648 | D:14     | Noticed Azrael
 22658 | D:14     | Killed Azrael
 22662 | D:14     | Slain by a fire elemental

Illustrated notes

Levels and vault maps discovered:
D:1:      dpeg_arrival_orchard, layout_basic, minmay_tall_x
D:2:      layout_loops_ring, basic_altar, uniq_terence
D:3:      layout_rooms, mainiacjoe_overflow_tiny_flanked, vehumet_statue,
          minmay_misc_feat_more_columns, grunt_ministairs_10
D:4:      layout_loops_ring, uniq_menkaure
D:5:      layout_gridville, st_stairs_14, minmay_misc_feat_iff,
          nicolae_eternal_life
D:6:      layout_layer_cave, chei_slow_surprise
D:7:      layout_gridville, lemuel_temple_firewalk_b, serial_bayou,
          serial_bayou_pond_d, serial_bayou_ford_a, serial_bayou_shore_b,
          serial_bayou_lagoon_a, abandoned_shop, uniq_maggie
D:8:      layout_loops_cross, nicolae_hepliaklqana_ecumenical_no_more,
          serial_shops, shop, minmay_fractal_squares_5, uniq_joseph
D:9:      old_forge, layout_rooms, mainiacjoe_overflow_alcove_1,
          david_lair_generic, uniq_pikel
D:10:     layout_grid_maze, kennysheep_little_box, led_xom_imps,
          nicolae_trove_entry_free_sample, serial_rivers,
          chequers_serial_rivers_small_3, chequers_serial_rivers_small_b,
          chequers_serial_rivers_small_a, chequers_serial_rivers_small_a,
          uniq_fannar
D:11:     layout_basic, gauntlet_entry_generic
D:12:     layout_loops_corners, david_orc_3, gammafunk_ghost_stat_death
D:13:     layout_grid_maze, erik_vaults_1, uniq_nessos
D:14:     layout_stronghold, serial_shops, shop_fountains, corexii_corridor_pit,
          uniq_azrael
Temple:   nicolae_temple_no_exploring_needed
Lair:1:   layout_cave_pods, st_stairs_8
Lair:2:   layout_roguey, hellmonk_spider_entry_life_and_decay,
          serial_bayou_shore_a, grunt_megastairs_3, infiniplex_staircase_pool_2
Lair:3:   layout_misc_corridors, elwin_shoals_entry_rocks, lemuel_centaur_altar
Lair:4:   layout_regular_city, slime_entry_1
Lair:5:   due_jungle_book, layout_cave_pods, grunt_forest_stairs_basic
Orc:1:    layout_caves, serial_shops, shop, shop, shop, shop
Orc:2:    grunt_orc_tribal_feast, layout_diamond_mine, portal_ice_cave_rime

Skill      XL: |  1  2  3  4  5  6  7  8  9 10 11 12 13 14 15 |
---------------+----------------------------------------------+-----
Fighting       | 3 4 5 6 8 10 | 10.1
Dodging        | 3 4 5 |  5.3
Ranged Weapons | 5 6 7 9 10 11 12 13 14 | 14.5
Armour         | 2 5 8 9 10 12 13 14 15 | 15.6
Evocations     | 4 6 8 9 |  9.0
Invocations    | 3 5 6 8 9 10 | 10.6
Axes           | 3 6 8 10 11 | 11.5
Stealth        | |  0.8

Action                     |  1- 3 |  4- 6 |  7- 9 | 10-12 | 13-15 || total
---------------------------+-------+-------+-------+-------+-------++-------
  Melee: Dagger            |    16 |    17 |       |       |       ||    33
         Short sword       |       |       |    48 |       |       ||    48
         Punch             |       |       |     1 |       |       ||     1
         Executioner's axe |       |       |       |       |    74 ||    74
         Battleaxe         |       |       |       |       |     7 ||     7
   Fire: Shortbow          |   122 |   160 |   290 |       |       ||   572
         Arbalest          |       |       |    21 |   569 |   991 ||  1581
 Invoke: Wall of Briars    |       |       |       |     2 |     8 ||    10
         Grow Ballistomyce |       |       |       |       |     5 ||     5
         Overgrow          |       |       |       |       |     1 ||     1
Ability: Hop               |     2 |     6 |     5 |     4 |    15 ||    32
  Evoke: Wand              |       |       |       |     2 |    20 ||    22
    Use: Scroll            |     4 |     6 |     7 |     8 |    13 ||    38
         Potion            |     1 |     1 |       |       |     5 ||     7
   Stab: Invisible         |       |       |       |       |     2 ||     2
 Armour: Leather armour    |    29 |    28 |    32 |       |       ||    89
         Ring mail         |       |       |     4 |       |       ||     4
         Steam dragon scal |       |       |       |    84 |    94 ||   178
         Scale mail        |       |       |       |       |   428 ||   428
  Dodge: Dodged            |    58 |    76 |   173 |   213 |   491 ||  1011
